 Dungeon Crawl Stone Soup version 0.23.2-30-g0e89c35649 (webtiles) character file.

Game seed: 16350376358653684603

299 Hatywr the Cleaver (level 6, -18/51 HPs)
             Began as a Hill Orc Monk on June 25, 2019.
             Demolished by Menkaure (19 damage)
             ... on level 4 of the Dungeon.
             The game lasted 00:03:48 (2162 turns).

Hatywr the Cleaver (Hill Orc Monk)                  Turns: 2162, Time: 00:03:49

Health: -18/51     AC:  6    Str: 13 (16) XL:     6   Next: 36%
Magic:  6/6        EV: 16    Int: 15      God:
Gold:   147        SH:  0    Dex: 18      Spells: 5/5 levels left

rFire    . . .     SeeInvis .   a - +0 hand axe
rCold    . . .     Gourm    .   (no shield)
rNeg     . . .     Faith    .   n - +0 ring mail
rPois    .         Spirit   .   (no helmet)
rElec    .         Reflect  .   j - +0 cloak (curse)
rCorr    .         Harm     .   (no gloves)
MR       .....                  (no boots)
Stlth    ++........             (no amulet)
HPRegen  0.17/turn              (no ring)
MPRegen  0.10/turn              (no ring)

@: brilliant, agile, flying, hasted, very quick
A: no striking features
a: no special abilities


You were on level 4 of the Dungeon.
You were not hungry.

You visited 1 branch of the dungeon, and saw 4 of its levels.

You collected 147 gold pieces.

Inventory:

Hand Weapons
 a - a +0 hand axe (weapon)
Armour
 b - a +0 robe
 j - a cursed +0 cloak (worn)
 n - a +0 ring mail (worn)
Scrolls
 h - 2 scrolls of teleportation {unknown}
 l - a scroll of blinking {unknown}
 m - 2 scrolls of identify {unknown}
 p - a scroll of remove curse {unknown}
Comestibles
 c - 6 rations
 o - 8 chunks of flesh


   Skills:
 - Level 3.6 Fighting
 + Level 9.1 Axes
 - Level 2.4 Dodging
 - Level 1.5 Stealth


You had 5 spell levels left.
You didn't know any spells.
Your spell library contained the following spells:

 Spells                   Type           Power        Failure   Level  Hunger
 Beastly Appendage        Tmut           #.....       7%          1    ##.....
 Sticks to Snakes         Tmut           #.......     10%         2    ###....
 Spider Form              Tmut/Pois      #.........   19%         3    ####...
 Ice Form                 Ice/Tmut       #.......     47%         4    #####..
 Blade Hands              Tmut           #.........   77%         5    ######.


Dungeon Overview and Level Annotations

Branches:
Dungeon (4/15)
 Temple: D:4-7

Altars:

Annotations:
D:3 Sigmund
D:4 Menkaure


Message History

You feel stronger.
You hit Menkaure.
Menkaure is lightly damaged.
You hit Menkaure but do no damage.
Menkaure is lightly damaged.
Menkaure hits you.
* * * LOW HITPOINT WARNING * * *
You hit Menkaure.
Menkaure is lightly damaged.
You barely miss Menkaure.
Menkaure is lightly damaged.
Menkaure hits you.
* * * LOW HITPOINT WARNING * * *
Okay, then.
You hit Menkaure.
Menkaure is moderately damaged.
You hit Menkaure.
Menkaure is heavily damaged.
Menkaure hits you!!
You die...

### .... ^ .....
.. ####......
... ###.<..)....
....
##...##...)..
..... #####..###
.....
......###)....##
##.#
.......M@.#####
# .....######
... #


You could see Menkaure.

Vanquished Creatures
  2 ogres (D:4)
  6 adders
  A shadow imp (D:3)
  2 dart slugs (D:1)
  3 leopard geckos
  11 bats
  5 giant cockroaches
  2 goblins
  7 hobgoblins
  3 jackals (D:2)
  3 kobolds
  13 frilled lizards
  A quokka skeleton (D:4)
  3 rats
62 creatures vanquished.

Vanquished Creatures (others)
  A bat (D:2)
1 creature vanquished.

Grand Total: 63 creatures vanquished

Notes
Turn   | Place    | Note
-------+----------+-------------------------------------------
     0 | D:1      | Hatywr the Hill Orc Monk began the quest for the Orb.
     0 | D:1      | Reached XP level 1. HP: 19/19 MP: 1/1
   159 | D:1      | Reached XP level 2. HP: 26/26 MP: 2/2
   270 | D:1      | Reached skill level 5 in Axes
   474 | D:1      | Reached XP level 3. HP: 31/31 MP: 3/3
  1056 | D:2      | Reached skill level 6 in Axes
  1376 | D:2      | Reached XP level 4. HP: 30/39 MP: 4/4
  1948 | D:3      | Reached skill level 7 in Axes
  2029 | D:3      | Reached XP level 5. HP: 41/45 MP: 5/5
  2106 | D:3      | Noticed Sigmund
  2121 | D:4      | Noticed an ogre
  2132 | D:4      | Killed an ogre
  2132 | D:4      | Reached skill level 8 in Axes
  2133 | D:4      | Noticed an ogre
  2137 | D:4      | Noticed Menkaure
  2156 | D:4      | Killed an ogre
  2156 | D:4      | Reached skill level 9 in Axes
  2156 | D:4      | Reached XP level 6. HP: 8/51 MP: 6/6
  2160 | D:4      | HP: 1/51 [Menkaure (4)]
  2162 | D:4      | Demolished by Menkaure

Skill      XL: |  1  2  3  4  5 |
---------------+----------------+-----
Axes           | 5 6 7 9 |  9.1
Fighting       | |  3.6
Dodging        | |  2.4
Stealth        | |  1.5

Action                   |  1- 3 |  4- 6 || total
-------------------------+-------+-------++-------
Melee: Hand axe          |   173 |   103 ||   276
  Use: Potion            |       |     6 ||     6
 Stab: Sleeping          |     5 |     3 ||     8
  Eat: Chunk             |     2 |     2 ||     4
Armor: Robe              |    45 |     4 ||    49
       Ring mail         |       |    21 ||    21
Dodge: Dodged            |   160 |    48 ||   208
